 Dungeon Crawl Stone Soup version 0.31-a0-640-g39d97e502b (webtiles) character file.

Game seed: 6171602655132462320

37 Babbit the Shield-Bearer (level 3, -2/33 HPs)
             Began as a Minotaur Fighter on Aug 28, 2023.
             Slain by a gnoll
             ... wielding a +0 halberd
             ... led by a gnoll bouda
              (10 damage)
             ... on level 4 of the Dungeon.
             The game lasted 00:04:39 (1937 turns).

Babbit the Shield-Bearer (Minotaur Fighter)         Turns: 1937, Time: 00:04:39

Health: -2/33      AC:  9    Str: 22    XL:     3   Next: 21%
Magic:  2/2        EV:  9    Int:  5    God:
Gold:   171        SH:  5    Dex: 15    Spells: 2/2 levels left

rFire   . . .        a - +0 war axe
rCold   . . .        c - +0 buckler
rNeg    . . .        b - +0 scale mail
rPois   .            (helmet restricted)
rElec   .            e - scarf {repulsion}
rCorr   .            h - +0 pair of gloves
SInv    .            o - +0 pair of boots
Will    +....        t - amulet of regeneration Stlth
                     f - +6 ring of dexterity
HPRegen 1.05/turn    j - ring of willpower
MPRegen 0.08/turn

%: repel missiles
@: weakened
A: horns 2, retaliatory headbutt
a: no special abilities


You were on level 4 of the Dungeon.
You visited 1 branch of the dungeon, and saw 4 of its levels.

You collected 171 gold pieces.

Inventory:

Hand Weapons
 a - a +0 war axe (weapon)
Armour
 b - a +0 scale mail (worn)
 c - a +0 buckler (worn)
 e - a scarf of repulsion (worn)
 h - a +0 pair of gloves (worn)
 o - a +0 pair of boots (worn)
Jewellery
 f - a +6 ring of dexterity (left hand)
 j - a ring of willpower (right hand)
 t - an amulet of regeneration (around neck)
Wands
 n - a wand of polymorph (9)
Scrolls
 i - 2 scrolls of vulnerability {unknown}
 k - a scroll of fear {unknown}
 l - a scroll of identify {unknown}
 p - a scroll of silence {unknown}
 r - a scroll of teleportation {unknown}
Potions
 d - a potion of might
 g - 3 potions of heal wounds {unknown}
 m - 2 potions of curing {unknown}
 q - a potion of enlightenment {unknown}
 s - a potion of magic {unknown}


   Skills:
 + Level 3.8 Fighting
 + Level 3.0 Axes
 + Level 4.1 Armour
 + Level 0.5 Dodging
 + Level 4.2 Shields


You had 2 spell levels left.
You didn't know any spells.
Your spell library contained the following spells:

 Spells                   Type           Power      Damage    Failure   Level
 Magic Dart               Conj           0%         1d3       86%         1
 Sting                    Tmut/Pois      0%         1d3       86%         1
 Poisonous Vapours        Pois/Air       0%         N/A       94%         2
 Searing Ray              Conj           0%         2d4       94%         2
 Stone Arrow              Conj/Erth      0%         3d7       99%         3
 Animate Armour           Summ/Erth      0%         N/A       100%        4
 Fulminant Prism          Conj/Hex       0%         3d5       100%        4
 Olgreb's Toxic Radiance  Pois           0%         N/A       100%        4
 Lehudib's Crystal Spear  Conj/Erth      0%         10d2      100%        8


Dungeon Overview and Level Annotations

Branches:
Dungeon (4/15)
 Temple: D:4-7

Altars:

Shops:
D:1 *


Innate Abilities, Weirdness & Mutations

You have a pair of horns on your head.
You reflexively headbutt those who attack you in melee.


Message History

There is an open door here.
s - a pink potion
t - an amulet of regeneration You start putting on your amulet.
You continue putting on your amulet of regeneration. x5
You finish putting on your amulet of regeneration.
The amulet throbs as it attunes itself to your uninjured body.
t - an amulet of regeneration (around neck)
You open the door.
A gnoll bouda, 3 gnolls and a ball python come into view.
The gnoll shouts! x3; The ball python hisses angrily.
Found a potion of might and a scroll labelled ZANEWNUGEI.
Found a stone staircase leading up and a stone staircase leading down.
The gnoll bouda barks out a call to the hunt!
The gnolls pick up the pace!
The gnoll hits you with a +0 halberd.
You hit the gnoll.
The gnoll is lightly wounded.
The gnoll hits you with a +0 halberd!
You completely miss the gnoll.
The gnoll bouda gazes fiercely through you!
You feel your attacks grow feeble. The gnoll closely misses you.
The gnoll hits you with a +0 halberd!
Okay, then.
The gnoll hits you from afar with a +0 halberd.
The gnoll attacks as it pursues you!
The gnoll hits you from afar with a +0 halberd.
* * * LOW HITPOINT WARNING * * *
The gnoll attacks as it pursues you! The gnoll barely misses you.
The gnoll attacks as it pursues you! The gnoll barely misses you. x2
Your attacks no longer feel as feeble.
The gnoll attacks as it pursues you!
The gnoll hits you from afar with a +0 halberd!
* * * LOW HITPOINT WARNING * * *
The gnoll bouda gazes fiercely through you!
You feel your attacks grow feeble. The gnoll barely misses you.
The gnoll attacks as it pursues you!
The gnoll hits you from afar with a +0 halberd!
You die...

#.# #... ..# #####.########. #.#
#.........# #. #.# #.###.###.#
#+ ... #.# #.## . ### #.#
#.###..# .. .. ##.###.# #.##.#.#
#...
!..####...##S######.#....##.....
...'g.....g.g.g.@...............
..g####..g##.#.######....###....
.. ##.###.#.# ##.#.# .. S
#.###.#.# ###.# #.##..#.# ..#
#.##.##.# ### #.##.##.#
#.......# ####.####


You could see a gnoll bouda, 3 gnolls and a ball python.

Vanquished Creatures
  A dart slug (D:1)
  4 ball pythons
  2 bats
  3 endoplasms
  2 giant cockroaches (D:3)
  4 goblins
  3 hobgoblins
  2 jackals (D:1)
  A kobold (D:2)
  3 quokkas
  2 frilled lizards
  A rat (D:3)
28 creatures vanquished.

Notes
Turn   | Place    | Note
-------+----------+-------------------------------------------
     0 | D:1      | Babbit the Minotaur Fighter began the quest for the Orb.
     0 | D:1      | Reached XP level 1. HP: 19/19 MP: 0/0
   104 | D:1      | Found Wifoimyklo's General Store.
   460 | D:1      | Reached XP level 2. HP: 24/27 MP: 1/1
  1345 | D:3      | Reached XP level 3. HP: 31/33 MP: 2/2
  1937 | D:4      | Slain by a gnoll

Illustrated notes

Levels and vault maps discovered:
D:1:      amcnicky_arrival_double_pillar, layout_basic, serial_shops, shop
D:2:      layout_basic
D:3:      layout_rooms, minmay_misc_feat_diagonals, minmay_misc_feat_rows
D:4:      layout_loops_corners, minmay_fractal_squares_diagonal_5

Skill      XL: |  1  2  3 |
---------------+----------+-----
Shields        | 4 |  4.2
Armour         | 4 |  4.1
Axes           | 3 |  3.0
Fighting       | |  3.8
Dodging        | |  0.5

Action                     || total
---------------------------++-------
  Melee: War axe           ||    61
         Headbutt          ||     4
 Armour: Scale mail        ||    28
  Dodge: Dodged            ||    28
         Repelled          ||     1
  Block: Buckler           ||    17

Table legend: (Time is in decaauts)
 A = Elapsed time spent in this place.
 B = Non-inter-level travel time spent in this place.
 C = Inter-level travel time spent in this place.
 D = Time resting spent in this place.
 E = Time spent auto-exploring this place.
 F = Levels seen in this place.
 G = Mean time per level.
                   A        B        C        D        E       F      G
               +--------+--------+--------+--------+--------+-----+--------+
         Total |   1960 |   1840 |    120 |      0 |   1564 |   4 |  490.0 |
       Dungeon |   1960 |   1840 |    120 |      0 |   1564 |   4 |  490.0 |
               +--------+--------+--------+--------+--------+-----+--------+

Top non-repeatable levels by time:
     D:1: 662 daAuts
     D:2: 521 daAuts
     D:3: 483 daAuts
     D:4: 292 daAuts
